 Dungeon Crawl Stone Soup version 0.27.0-1-g7a089689b8 (webtiles) character file.

Game seed: 14242733999549524930

5443 butteredtoast the Grappler (level 10, -4/102 HPs)
             Began as a Troll Monk on Aug 4, 2021.
             Was a Priest of Makhleb.
             Slain by a meliai (16 damage)
             ... on level 9 of the Dungeon.
             The game lasted 00:22:29 (6392 turns).

butteredtoast the Grappler (Troll Monk)             Turns: 6392, Time: 00:22:29

Health: -4/102     AC:  9    Str: 29    XL:     10   Next: 41%
Magic:  13/13      EV: 10    Int:  7    God:    Makhleb [***...]
Gold:   530        SH:  0    Dex: 12    Spells: 10/15 levels left

rFire    . . .     SeeInvis .     - Unarmed
rCold    . . .     Faith    .   (no shield)
rNeg     . . .     Spirit   .   a - +1 robe
rPois    .         Reflect  .   (helmet restricted)
rElec    .         Harm     .   (no cloak)
rCorr    .         Rampage  .   (gloves unavailable)
Will     .....                  (boots unavailable)
Stlth    ++........             (no amulet)
HPRegen  1.27/turn              i - +6 ring of strength
MPRegen  0.13/turn              m - +4 ring of protection

@: lethally poisoned (-4 -> -21)
A: large, unfitting armour, claws 3, regeneration 1, shaggy fur 1, tough skin 1
a: Renounce Religion, Minor Destruction, Lesser Servant of Makhleb


You were on level 9 of the Dungeon.
You worshipped Makhleb.
Makhleb was most pleased with you.
You visited 2 branches of the dungeon, and saw 10 of its levels.

You collected 530 gold pieces.

Inventory:

Missiles
 d - 325 stones (quivered)
 v - 2 throwing nets
Armour
 a - a +1 robe (worn)
Jewellery
 i - a +6 ring of strength (left claw)
 m - a +4 ring of protection (right claw)
 B - a ring of ice
Wands
 p - a wand of acid (8)
 s - a wand of iceblast (9)
 w - a wand of paralysis (6)
 x - a wand of mindburst (14)
 y - a wand of charming (3)
Scrolls
 c - 2 scrolls of noise
 h - a scroll of amnesia
 j - 2 scrolls of enchant armour
 n - a scroll of fog {unknown}
 r - a scroll of fear
 t - 3 scrolls of enchant weapon {unknown}
 u - 2 scrolls of teleportation
 A - a scroll of brand weapon {unknown}
Potions
 b - 2 potions of flight
 e - a potion of lignification
 f - 2 potions of attraction
 g - a potion of haste
 k - a potion of brilliance {unknown}
 l - a potion of degeneration
 o - a potion of mutation
 q - a potion of heal wounds
 z - a potion of might {unknown}
 C - a potion of berserk rage {unknown}


   Skills:
 + Level 7.1 Fighting
 + Level 2.6 Dodging
 - Level 1.0 Stealth
 + Level 8.4 Unarmed Combat
 - Level 3.0 Spellcasting
 * Level 6.2 Transmutations
 + Level 4.1 Invocations


You had 10 spell levels left.
You knew the following spells:

 Your Spells              Type           Power      Damage    Failure   Level
a - Blade Hands           Tmut           4%         N/A       58%         5

Your spell library contained the following spells:

 Spells                   Type           Power      Damage    Failure   Level
 Passwall                 Tmut/Erth      4%         N/A       14%         2
 Sandblast                Erth           2%         2d4       34%         1
 Ignite Poison            Fire/Tmut/Pois 3%         N/A       41%         3
 Ice Form                 Ice/Tmut       5%         N/A       67%         4
 Conjure Flame            Conj/Fire      1%         6-21      71%         3
 Frozen Ramparts          Ice            2%         1d2       71%         3
 Gell's Gravitas          Tloc           0%         N/A       71%         3
 Inner Flame              Hex/Fire       1%         N/A       71%         3
 Mephitic Cloud           Conj/Pois/Air  1%         N/A       71%         3
 Portal Projectile        Hex/Tloc       2%         N/A       71%         3
 Teleport Other           Tloc           1%         N/A       71%         3
 Airstrike                Air            0%         N/A       98%         4
 Cause Fear               Hex            0%         N/A       98%         4
 Sticky Flame             Conj/Fire      1%         2d3       98%         4
 Summon Ice Beast         Ice/Summ       1%         N/A       98%         4
 Summon Lightning Spire   Summ/Air       1%         N/A       98%         4
 Bolt of Magma            Conj/Fire/Erth 0%         4d4       100%        5
 Excruciating Wounds      Necr           0%         N/A       100%        5
 Lee's Rapid Deconstruct  Erth           0%         3d5*      100%        5
 Lightning Bolt           Conj/Air       0%         1d11      100%        5
 Dispersal                Tloc           0%         N/A       100%        6
 Discord                  Hex            0%         N/A       100%        8


Dungeon Overview and Level Annotations

Branches:
Dungeon (9/15)             Temple (1/1) D:6
   Lair: D:8-11         Orc: D:9-12

Altars:
Ashenzari
Cheibriados
Dithmenos
Elyvilon
Fedhas
Gozag
Hepliaklqana
Kikubaaqudgha
Makhleb
Nemelex Xobeh
Okawaru
Qazlal
Ru
Sif Muna
Trog
Uskayaw
Vehumet
Wu Jian
Xom
Yredelemnul
Zin
The Shining One

Annotations:
D:3 2 transporters
D:4 3 runed translucent doors, Arex's ghost, novice TrCK
D:5 2 runed translucent doors, fiver49's ghost, novice BaEE


Innate Abilities, Weirdness & Mutations

You are too large for most types of armour.
You have claws for hands.
Your natural rate of healing is unusually fast.
You are covered in fur. (AC +1)
You have tough skin. (AC +1)


Message History

The orc wizard shouts!
You hear a howl!
The meliai hits you with a +0 war axe. The meliai stings you.
The orc wizard casts a spell.
The orc wizard flickers and vanishes!
Deactivating autopickup; reactivate with Ctrl-A.
The meliai hits you with a +0 war axe! The meliai stings you.
The meliai buzzes angrily.
You hear a roar!
The meliai hits you with a +0 hand axe! The meliai stings you!
You are poisoned.
The meliai poisons you!
You feel very sick. The meliai hits you but does no damage.
The meliai barely misses you.
You scratch the meliai.
The meliai is moderately wounded.
You feel very sick. The meliai barely misses you.
The meliai completely misses you.
You mangle the meliai!!
You kill the meliai!
Makhleb accepts your kill.
You feel very sick.
The orc priest mumbles some strange prayers to Beogh against you.
Beogh smites you!
* * * LOW HITPOINT WARNING * * *
The meliai hits you with a +0 war axe.
* * * LOW HITPOINT WARNING * * *
The meliai stings you but does no damage.
You feel much better.
You feel sick.
The meliai invokes the aid of its god against you.
Something smites you!
The meliai invokes the aid of its god against you.
Something smites you!
* * * LOW HITPOINT WARNING * * *
The meliai closely misses you. The meliai stings you!
* * * LOW HITPOINT WARNING * * *
You are lethally poisoned!
The meliai poisons you!
* * * LOW HITPOINT WARNING * * *
You feel extremely sick. The meliai hits you with a +0 war axe!
You die...

#.......................
#............###.....###
#............# #.###.#
.............# #.# #
.............# #.#
#.#####..##..# #.# #.#
#..##..# #.# #.#
#..##..# #.# #.#
#..##..# #@# #.#
#..##..# #y# #.#
#..##..# #l# #.#
#..##..###o# #.#
##..##....y.#
....##....o.#
............#
............#
##.###..........


You could see an orc warrior, a wyvern, 2 meliai and an orc priest.

Vanquished Creatures
  A two-headed ogre (D:7)
  A meliai (D:9)
  Sigmund (D:3)
  An acid dragon (D:4)
  A water moccasin (D:7)
  An ice beast (D:8)
  5 orc warriors
  2 sky beasts
  2 black bears
  10 ogres
  A necrophage (D:6)
  A phantom (D:6)
  2 centaurs
  4 kobold brigands
  3 bullfrogs
  2 gnoll sergeants (D:7)
  A wyvern zombie (D:7)
  A scorpion (D:5)
  2 wights (D:8)
  7 howler monkeys (D:7)
  9 hounds
  A jelly (D:6)
  4 gnoll shamans
  5 orc priests
  2 iguanas
  8 orc wizards
  A scorpion zombie (D:4)
  A killer bee zombie (D:6)
  A howler monkey zombie (D:5)
  9 gnolls (D:7)
  4 adders
  A white imp (D:5)
  An adder zombie (D:4)
  2 worms (D:4)
  6 dart slugs
  18 orcs
  6 endoplasms
  3 giant cockroaches (D:1)
  5 goblins
  8 hobgoblins
  5 jackals
  5 ball pythons
  4 bats
  2 frilled lizards (D:3)
  12 kobolds
  3 rats
175 creatures vanquished.

Notes
Turn   | Place    | Note
-------+----------+-------------------------------------------
     0 | D:1      | butteredtoast the Troll Monk began the quest for the Orb.
     0 | D:1      | Reached XP level 1. HP: 22/22 MP: 0/0
   290 | D:1      | Reached XP level 2. HP: 29/29 MP: 1/1
  1132 | D:2      | Reached XP level 3. HP: 37/37 MP: 2/2
  1553 | D:3      | Found a transporter.
  1585 | D:3      | Found a transporter.
  1645 | D:3      | Reached skill level 4 in Unarmed Combat
  1645 | D:3      | Reached XP level 4. HP: 45/45 MP: 3/3
  1762 | D:3      | Noticed Sigmund
  1771 | D:3      | Killed Sigmund
  1772 | D:3      | Reached skill level 1 in Spellcasting
  1772 | D:3      | Reached XP level 5. HP: 46/54 MP: 3/6
  2192 | D:4      | Noticed an acid dragon
  2201 | D:4      | Killed an acid dragon
  2202 | D:4      | Reached skill level 5 in Unarmed Combat
  2202 | D:4      | Reached XP level 6. HP: 45/62 MP: 7/7
  2300 | D:4      | Found a runed translucent gate.
  2300 | D:4      | Found a runed translucent gate.
  2300 | D:4      | Found a runed translucent gate.
  2300 | D:4      | Noticed Arex's ghost (novice TrCK)
  2302 | D:4      | Found a basalt altar of Yredelemnul.
  2586 | D:5      | Entered Level 5 of the Dungeon
  2604 | D:5      | Found a runed translucent door.
  2607 | D:5      | Noticed fiver49's ghost (novice BaEE)
  2623 | D:5      | Reached XP level 7. HP: 64/71 MP: 7/9
  2901 | D:5      | Found a runed translucent door.
  3064 | D:5      | Found an ancient bone altar of Kikubaaqudgha.
  3264 | D:5      | Found a broken altar of Ashenzari.
  3357 | D:6      | Reached skill level 5 in Fighting
  3357 | D:6      | Reached skill level 6 in Unarmed Combat
  3369 | D:6      | Learned a level 5 spell: Blade Hands
  3397 | D:6      | Found a staircase to the Ecumenical Temple.
  3406 | Temple   | Entered the Ecumenical Temple
  3842 | D:6      | Reached skill level 1 in Transmutations
  3842 | D:6      | Reached XP level 8. HP: 76/80 MP: 11/11
  4643 | D:7      | Found a shimmering blue altar of Sif Muna.
  4667 | D:7      | Found a burning altar of Makhleb.
  4702 | D:7      | Became a worshipper of Makhleb the Destroyer
  4702 | D:7      | Reached * piety under Makhleb
  4702 | D:7      | Reached ** piety under Makhleb
  4806 | D:7      | Reached skill level 7 in Unarmed Combat
  4929 | D:7      | Reached XP level 9. HP: 85/89 MP: 12/12
  4937 | D:7      | Reached skill level 1 in Invocations
  4981 | D:7      | Paralysed by an orc priest for 6 turns
  5358 | D:7      | Reached skill level 5 in Transmutations
  5456 | D:7      | Reached skill level 8 in Unarmed Combat
  5517 | D:7      | Reached *** piety under Makhleb
  5597 | D:7      | Noticed a two-headed ogre
  5627 | D:7      | Killed a two-headed ogre
  5628 | D:7      | Reached XP level 10. HP: 81/100 MP: 13/13
  5945 | D:8      | Found a stormy altar of Qazlal.
  6392 | D:9      | Slain by a meliai

Illustrated notes

Levels and vault maps discovered:
D:1:      dpeg_arrival_three_bigger_balls, layout_basic, minmay_tetromino_s2
D:2:      layout_rooms, serial_forest, infiniplex_forest_lined_room_2,
          infiniplex_forest_lined_room_3, infiniplex_forest_lined_room_3,
          infiniplex_forest_straight_2, infiniplex_forest_clump_C,
          infiniplex_forest_straight_3
D:3:      gammafunk_wand_slinger, layout_rooms, uniq_sigmund
D:4:      layout_cave_pools, nicolae_yredelemnul_ghost_church,
          minmay_starry_boxes
D:5:      layout_loops_ring, mainiacjoe_overflow_big_doors,
          ebering_ghost_sewer_f, minmay_strange_pillars
D:6:      layout_basic, minmay_temple_entry_wispy
D:7:      lemuel_castle_with_subvaults [lemuel_castle_interior_carwin_1],
          layout_gridville, mainiacjoe_overflow_large_starburst, ldierk_geyser,
          grunt_decor_one_mirror
D:8:      layout_basic, grunt_qazlal_sundering
D:9:      layout_long_grid
Temple:   eino_temple_scatter_basement

Skill      XL: |  1  2  3  4  5  6  7  8  9 10 |
---------------+-------------------------------+-----
Fighting       | 3 4 5 6 7 |  7.1
Unarmed Combat | 4 5 6 7 8 |  8.4
Spellcasting   | 1 2 3 |  3.0
Transmutations | 1 3 5 6 |  6.2
Invocations    | 3 4 |  4.1
Dodging        | |  2.6
Stealth        | |  1.0

Action                   |  1- 3 |  4- 6 |  7- 9 | 10-12 || total
-------------------------+-------+-------+-------+-------++-------
Melee: Unarmed           |    64 |    70 |   310 |    67 ||   511
       Punch             |     1 |     1 |     9 |     4 ||    15
Invok: Minor Destruction |       |       |     5 |       ||     5
  Use: Potion            |       |     3 |       |     1 ||     4
       Scroll            |       |       |     7 |     4 ||    11
 Stab: Sleeping          |     2 |       |       |       ||     2
Armor: Robe              |    17 |     9 |   117 |    31 ||   174
Dodge: Dodged            |    24 |    31 |   105 |    33 ||   193
